AoeStats
← Ernst paul

Black Forest

508744997Analyzed
2v2 RM · 8d ago on Sep 23, 2026· 53m 22s· 4 players
Game mode
Random Map
Map size
Medium (4 player)
Population
200
Speed
Normal
Resources
Standard
Victory
Conquest
Starting age
Dark Age
Ending age
Imperial Age
RankedLock teamsTeams togetherTeam positionsShared explorationLock speedFull tech treeHidden civsTurbo modeCheats
Victory
Defeat
🇧🇷 Teutons · Brazil
868
+15
🇦🇷 Bengalis · Argentina
861
+27
🇮🇸 Koreans · Iceland
876
-16
🇧🇪 Romans · Belgium
820
-14
Ernst paul
0:43 Loom
11:01 Feudal Age
12:23 Man-at-Arms
13:12 Double-Bit Axe
15:49 Scale Mail Armor
16:02 Forging
16:51 Horse Collar
21:48 Wheelbarrow
23:17 Castle Age
22:42 Stone Mining
25:04 Bow Saw
26:22 Wheelbarrow
26:25 Elite Skirmisher
27:46 Padded Archer Armor
27:47 Scale Mail Armor
30:09 Fletching
33:15 Imperial Age
32:50 Heavy Plow
34:08 Ballistics
34:43 Ballistas
36:28 Chemistry
36:07 Fortified Wall
36:51 Heavy Scorpion
40:35 Light Cavalry
43:03 Bloodlines
43:10 Bodkin Arrow
43:31 Leather Archer Armor
51:26 Ring Archer Armor
F1re
1:00 Loom
11:19 Feudal Age
18:45 Castle Age
19:21 Fletching
20:14 Bodkin Arrow
24:35 Horse Collar
25:53 Crossbowman
28:12 Ballistics
32:21 Wheelbarrow
37:55 Imperial Age
36:16 Scale Mail Armor
36:06 Pikeman
37:21 Squires
37:29 Double-Bit Axe
38:14 Chain Mail Armor
39:02 Forging
39:52 Bracer
39:23 Arbalester
40:07 Heavy Rocket Cart
43:20 Plate Mail Armor
43:21 Hand Cart
44:10 Elite Fire Lancer
48:47 Iron Casting
GoGoGonza
9:46 Loom
10:34 Loom
12:30 Feudal Age
13:58 Double-Bit Axe
17:09 Castle Age
15:33 Horse Collar
18:04 Bow Saw
21:10 Fletching
21:22 Padded Archer Armor
25:21 Leather Archer Armor
26:39 Gold Mining
27:14 Bodkin Arrow
29:35 Heavy Plow
30:25 Stone Mining
31:30 Wheelbarrow
32:57 Hand Cart
32:31 Town Watch
33:02 Bloodlines
32:54 Husbandry
36:07 Imperial Age
34:28 Gold Shaft Mining
37:15 Conscription
38:08 Ballistics
38:49 Chemistry
37:27 Elite Elephant Archer
38:11 Bracer
38:53 Ring Archer Armor
Branks
1:00 Loom
14:02 Feudal Age
14:52 Horse Collar
15:09 Double-Bit Axe
21:52 Castle Age
20:01 Man-at-Arms
21:40 Scale Mail Armor
22:07 Long Swordsman
22:48 Squires
23:10 Fletching
23:34 Bow Saw
23:30 Heavy Plow
31:16 Imperial Age
28:33 Town Watch
30:20 Bodkin Arrow
30:52 Ballistics
31:13 Elite Skirmisher
32:36 Padded Archer Armor
33:24 Conscription
33:48 Forging
34:05 Caravan
35:50 Hoardings
36:16 Chain Mail Armor
37:31 Chemistry
37:52 Siege Engineers
37:59 Masonry
40:05 Crenellations
42:15 Ironclad
42:03 Elite Teutonic Knight
43:14 Town Patrol
43:49 Wheelbarrow
43:06 Guard Tower
46:08 Scale Barding Armor
46:51 Wheelbarrow
51:04 Iron Casting
51:07 Plate Mail Armor
50:54 Leather Archer Armor
51:03 Bombard Tower
Connection lost

Rejoining the realm…

Still unreachable

The connection could not be restored.

Session expired

The server has moved on; the page needs a fresh start.